 Dungeon Crawl Stone Soup version 0.25-a0-10-g2fe12d4386 (webtiles) character file.

Game seed: 14362817739618971816, levelgen mode: deterministic

47926 Gumption the Unseen (level 14, -7/72 HPs)
             Began as a Spriggan Enchanter on Oct 14, 2019.
             Was a High Priest of Dithmenos.
             Mangled by Jorgrun
             ... wielding a +0 quarterstaff of crushing
              (16 damage)
             ... on level 12 of the Dungeon on Oct 15, 2019.
             The game lasted 06:05:12 (35203 turns).

Gumption the Unseen (Spriggan Enchanter)           Turns: 35203, Time: 06:05:13

Health: -7/72      AC:  5    Str:  4    XL:     14   Next: 10%
Magic:  18/27      EV: 31    Int: 21    God:    Dithmenos [*****.]
Gold:   638        SH: 12    Dex: 17    Spells: 7/29 levels left

rFire    . . .     SeeInvis +   b - +0 hand crossbow
rCold    + . .     Gourm    .   T - +0 buckler
rNeg     . . .     Faith    .   y - +2 robe {rC+}
rPois    .         Spirit   .   (helmet restricted)
rElec    .         Reflect  +   M - +0 cloak
rCorr    .         Harm     .   (gloves unavailable)
MR       +++..                  (boots unavailable)
Stlth    +++++++++.             W - +5 amulet of reflection
HPRegen  0.22/turn              f - +4 ring of evasion
MPRegen  0.20/turn              I - ring of protection from magic

@: grasped by roots, wreathed by umbra, constricted, very quick
A: very small, unfitting armour, see invisible, herbivore, speed 3, slow
metabolism 2
a: Shadow Step, Shadow Form, Renounce Religion


You were on level 12 of the Dungeon.
You worshipped Dithmenos.
Dithmenos was extremely pleased with you.
You were very hungry.

You visited 3 branches of the dungeon, and saw 19 of its levels.

You collected 1214 gold pieces.
You spent 576 gold pieces at shops.

Inventory:

Hand Weapons
 a - a +4 dagger of chaos
 b - a +0 hand crossbow (weapon)
 O - a +2 dagger
Missiles
 g - 585 stones
 n - 36 poisoned darts
 o - 3 throwing nets
 L - 71 bolts (quivered)
Armour
 y - a +2 robe of cold resistance (worn)
 M - a +0 cloak (worn)
 T - a +0 buckler (worn)
Magical Staves
 w - an uncursed staff of poison
Jewellery
 f - a +4 ring of evasion (left hand)
 r - an uncursed amulet of rage
 F - an uncursed ring of wizardry
 I - a ring of protection from magic (right hand)
 Q - an uncursed ring of protection from fire
 W - a +5 amulet of reflection (around neck)
Wands
 i - a wand of polymorph (16)
 q - a wand of paralysis (16)
 C - a wand of random effects (10)
 J - a wand of iceblast (8)
 V - a wand of flame (27)
Scrolls
 c - 9 scrolls of remove curse
 h - 2 scrolls of fear
 k - 3 scrolls of enchant armour
 l - 5 scrolls of magic mapping
 m - 8 scrolls of teleportation
 z - 4 scrolls of enchant weapon
 D - a scroll of noise
 K - a scroll of immolation
Potions
 d - 3 potions of invisibility
 j - a potion of brilliance
 p - 4 potions of heal wounds
 s - 4 potions of ambrosia
 t - 4 potions of flight
 v - 3 potions of mutation
 x - 2 potions of cancellation
 A - 2 potions of berserk rage
 B - a potion of haste
 E - a potion of agility
 G - 4 potions of curing
 H - 2 potions of magic
 N - a potion of lignification
 P - a potion of resistance {unknown}
 U - 2 potions of might
Miscellaneous
 u - a fan of gales
 R - a phantom mirror
 S - a sack of spiders
Comestibles
 e - 19 rations


   Skills:
 - Level 7.0 Fighting
 - Level 10.0 Short Blades
 + Level 6.2 Crossbows
 + Level 14.1 Dodging
 - Level 15.0 Stealth
 * Level 4.2 Shields
 - Level 8.0 Spellcasting
 + Level 12.1 Hexes
 - Level 5.0 Charms
 - Level 3.0 Summonings
 - Level 4.0 Translocations
 - Level 3.0 Ice Magic
 + Level 1.4 Invocations
 - Level 5.0 Evocations


You had 7 spell levels left.
You knew the following spells:

 Your Spells              Type           Power        Failure   Level  Hunger
a - Ensorcelled Hibernat  Hex/Ice        #####.       1%          2    None
b - Spectral Weapon       Hex/Chrm       #####...     1%          3    None
c - Confuse               Hex            ######..     1%          3    None
d - Tukima's Dance        Hex            ######..     1%          3    None
e - Apportation           Tloc           ####..       1%          1    None
f - Shroud of Golubria    Chrm/Tloc      ####..       2%          2    None
g - Regeneration          Chrm/Necr      ###.......   11%         3    None
h - Summon Mana Viper     Hex/Summ       #####...     12%         5    #####..

Your spell library contained the following spells:

 Spells                   Type           Power        Failure   Level  Hunger
 Confusing Touch          Hex            ######       1%          1    None
 Corona                   Hex            ######.      1%          1    None
 Infusion                 Chrm           ####         1%          1    None
 Song of Slaying          Chrm           ####....     1%          2    None
 Summon Small Mammal      Summ           ###.         2%          1    None
 Dazzling Spray           Conj/Hex       ####..       2%          3    None
 Recall                   Summ/Tloc      N/A          7%          3    None
 Animate Skeleton         Necr           N/A          10%         1    None
 Metabolic Englaciation   Hex/Ice        #####.....   12%         5    #####..
 Ice Form                 Ice/Tmut       ##......     45%         4    ###....
 Summon Forest            Summ/Tloc      ###.......   54%         5    #####..
 Aura of Abjuration       Summ           ###.......   61%         5    #####..
 Summon Demon             Summ           ###.......   61%         5    #####..
 Ozocubu's Refrigeration  Ice            ###.......   99%         6    ######.
 Shadow Creatures         Summ           N/A          99%         6    ######.
 Bolt of Cold             Conj/Ice       ##........   100%        6    ######.
 Freezing Cloud           Conj/Ice/Air   ##........   100%        6    ######.
 Simulacrum               Ice/Necr       ##........   100%        6    ######.


Dungeon Overview and Level Annotations

Branches:
Dungeon (12/15)            Temple (1/1) D:4            Lair (6/6) D:9
 Shoals (0/4) Lair:4        Snake (0/4) Lair:2        Slime (0/5) Lair:6
    Orc: D:9-12

Altars:
Ashenzari
Cheibriados
Dithmenos
Elyvilon
Fedhas
Gozag
Hepliaklqana
Kikubaaqudgha
Makhleb
Nemelex Xobeh
Okawaru
Qazlal
Ru
Sif Muna
Trog
Uskayaw
Vehumet
Wu Jian
Xom
Yredelemnul
Zin
The Shining One
Jiyva

Shops:
D:6 *   D:12 =

Annotations:
D:7 Menkaure
D:8 exclusion: door
D:12 Jorgrun
Lair:6 2 runed translucent doors


Innate Abilities, Weirdness & Mutations

You are very small and have problems with some larger weapons.
You are too small for most types of armour.
You have supernaturally acute eyesight. (SInv)
You are a herbivore.
You cover ground extremely quickly.
You need to consume almost no food.


Message History

Aim: an orc wizard, wielding a +0 dagger and wearing a +0 robe (lightly wounded, umbra)
You shoot a bolt. The bolt hits the orc wizard!
The orc wizard is heavily wounded.
Your mana viper bites Jorgrun!!
Jorgrun's magic leaks into the air.
Your mana viper barely misses Jorgrun.
Your mana viper bites Jorgrun.
Jorgrun's magic leaks into the air.
Jorgrun hits your mana viper with a +0 quarterstaff of crushing!
Your mana viper dies!
* * * LOW HITPOINT WARNING * * *
The grasping roots constrict you!
Your mana viper bites Jorgrun.
Jorgrun's magic leaks into the air.
The orc priest calls down the wrath of Beogh upon you.
You resist with almost no effort.
Firing (i - inventory. (/) - cycle)
L - 72 bolts (quivered)
Press: ? - help, Shift-Dir - straight line, f - Jorgrun, p - orc wizard
Aim: Jorgrun, wielding a +0 quarterstaff of crushing and wearing a +1 robe of the Archmagi (moderately wounded, umbra)
You shoot a bolt. The bolt hits Jorgrun.
Jorgrun is moderately wounded.
Your mana viper misses Jorgrun.
You die...

...................# ..
.........=.........#....
########................
........#..(...o(##.....
........#..Sg##oo# ....
........'.#...'.o# #
......<.#.#.....[#
...######.+......# ####
..#.....@# ...
..#...#...# ...
...#...#..... .
......#####..##..#
#............# ..#
#....#####..## .#
#....#...#..# #
#....#...#..#
#####....+...#..#


You could see Jorgrun, an orc priest, an orc wizard, 2 orcs and a friendly mana
viper.

Vanquished Creatures
  4 hydras
  A catoblepas (Lair:2)
  6 death yaks (Lair:2)
  Urug (Lair:6)
  A fire crab (Lair:4)
  A lindwurm (Lair:6)
  3 unseen horrors
  2 ugly things
  6 elephants
  A manticore (Lair:3)
  Maurice (D:8)
  6 black mambas
  A centaur zombie (D:12)
  Psyche (D:12)
  A centaur skeleton (D:11)
  2 molten gargoyles (Lair:6)
  A torpor snail (Lair:6)
  11 spiny frogs
  8 komodo dragons
  3 rime drakes (Lair:3)
  A queen bee (Lair:3)
  3 trolls
  A polar bear (Lair:5)
  4 dream sheep (Lair:4)
  8 hippogriffs
  4 blink frogs (Lair:5)
  10 wyverns
  39 yaks
  A shadow (D:9)
  A wraith (D:12)
  A hungry ghost (D:9)
  4 basilisks
  A steam dragon (Lair:6)
  2 vampire mosquitoes (D:12)
  3 nagas (Lair:2)
  4 hell hounds (Lair:6)
  12 water moccasins
  7 porcupines
  4 orc warriors
  3 sky beasts
  4 ice beasts
  2 black bears
  2 phantoms (D:3)
  9 ogres
  9 wolves
  A centaur (D:11)
  18 crocodiles
  A big kobold (D:9)
  17 bullfrogs
  5 scorpions
  39 killer bees
  8 wights
  A howler monkey (D:6)
  5 lava snakes (Lair:6)
  5 crimson imps
  2 bullfrog zombies (D:12)
  3 jellies
  3 hounds
  14 orc wizards
  7 orc priests
  Jessica (D:3)
  Terence (D:3)
  4 iguanas
  10 worker ants
  5 hell rats
  A killer bee zombie (D:9)
  3 hound skeletons
  2 worker ant zombies
  Robin (D:4)
  4 gnolls (D:2)
  15 adders
  A howler monkey skeleton (D:4)
  3 river rats
  4 shadow imps
  2 oozes
  3 worms (D:2)
  4 dart slugs
  3 leopard geckos (D:2)
  49 orcs
  9 giant cockroaches
  20 goblins
  6 hobgoblins
  14 jackals
  3 quokkas
  A ball python (D:3)
  6 bats
  6 frilled lizards
  A jackal zombie (D:9)
  11 kobolds
  6 rats
528 creatures vanquished.

Vanquished Creatures (collateral kills)
  A killer bee (D:9)
1 creature vanquished.

Vanquished Creatures (others)
  A dancing weapon (Lair:2)
  An orc (D:12)
  24 fungi
  14 plants
  3 spectral weapons
43 creatures vanquished.

Grand Total: 572 creatures vanquished

Notes
Turn   | Place    | Note
-------+----------+-------------------------------------------
     0 | D:1      | Gumption the Spriggan Enchanter began the quest for the
                  | Orb.
     0 | D:1      | Reached XP level 1. HP: 9/9 MP: 5/5
  1183 | D:1      | Reached XP level 2. HP: 13/13 MP: 5/7
  1187 | D:1      | Learned a level 2 spell: Ensorcelled Hibernation
  1526 | D:2      | Reached XP level 3. HP: 16/16 MP: 5/8
  1569 | D:2      | Learned a level 3 spell: Confuse
  1618 | D:2      | Reached skill level 1 in Ice Magic
  2350 | D:2      | Reached XP level 4. HP: 12/21 MP: 3/10
  2649 | D:2      | Reached skill level 5 in Hexes
  3322 | D:2      | Learned a level 3 spell: Tukima's Dance
  3480 | D:3      | Noticed Jessica
  3539 | D:3      | Found a radiant altar of Vehumet.
  3564 | D:3      | Found a stormy altar of Qazlal.
  3567 | D:3      | Found a shadowy altar of Dithmenos.
  3572 | D:3      | Found a white marble altar of Elyvilon.
  3718 | D:3      | Reached XP level 5. HP: 24/24 MP: 2/11
  3721 | D:3      | Found a hazy altar of Hepliaklqana.
  3936 | D:3      | Found a snail-covered altar of Cheibriados.
  4213 | D:3      | Became a worshipper of Dithmenos the Shadowed
  4301 | D:3      | Noticed Terence
  4322 | D:3      | Killed Terence
  4414 | D:3      | Killed Jessica
  4607 | D:3      | Reached XP level 6. HP: 28/28 MP: 10/13
  5708 | D:4      | Reached skill level 5 in Stealth
  6271 | D:3      | Reached XP level 7. HP: 23/32 MP: 8/14
  6688 | D:4      | Found a staircase to the Ecumenical Temple.
  7088 | D:4      | Reached * piety under Dithmenos
  7088 | D:4      | Reached skill level 6 in Stealth
  7151 | D:4      | Reached skill level 5 in Spellcasting
  7422 | D:4      | Reached skill level 5 in Dodging
  7695 | Temple   | Entered the Ecumenical Temple
  8050 | D:4      | Noticed Robin
  8071 | D:4      | Killed Robin
  8467 | D:4      | Upgraded the game from 0.25-a0-2-g6559c6c67a to
                  | 0.25-a0-10-g2fe12d4386
  8530 | D:5      | Entered Level 5 of the Dungeon
  8537 | D:5      | Found a stormy altar of Qazlal.
  9906 | D:6      | Found Afraaj's General Store.
  9928 | D:6      | Reached XP level 8. HP: 36/36 MP: 13/17
  9943 | D:6      | Reached skill level 7 in Stealth
 10004 | D:6      | Reached ** piety under Dithmenos
 10384 | D:6      | Identified a scroll of acquirement
 10720 | D:6      | Reached skill level 1 in Evocations
 10883 | D:6      | Found a sparkling altar of Nemelex Xobeh.
 10987 | D:6      | Reached skill level 8 in Stealth
 11476 | D:7      | You fall into a shaft and drop 2 floors!
 11572 | D:9      | Noticed a two-headed ogre
 11789 | D:9      | Noticed a death yak
 11842 | D:9      | Reached skill level 5 in Short Blades
 11842 | D:9      | Reached XP level 9. HP: 39/39 MP: 19/19
 11872 | D:9      | Noticed a death yak
 12295 | D:9      | Reached *** piety under Dithmenos
 13120 | D:7      | Reached skill level 9 in Stealth
 13227 | D:7      | Noticed Menkaure
 13438 | D:7      | Found a glowing silver altar of Zin.
 13438 | D:7      | Found a glowing golden altar of the Shining One.
 13792 | D:8      | Learned a level 3 spell: Spectral Weapon
 14255 | D:8      | Noticed Maurice
 14330 | D:8      | Killed Maurice
 14330 | D:8      | Reached skill level 1 in Charms
 14500 | D:8      | Found a shimmering blue altar of Sif Muna.
 15627 | D:9      | Noticed a troll
 15635 | D:9      | Killed a troll
 15641 | D:9      | Reached XP level 10. HP: 44/44 MP: 18/22
 15645 | D:9      | Reached skill level 5 in Evocations
 15995 | D:9      | Reached skill level 10 in Stealth
 16556 | D:9      | Noticed a death yak
 17171 | D:9      | Found a staircase to the Lair.
 17381 | D:10     | Entered Level 10 of the Dungeon
 17505 | D:10     | Noticed an unseen horror
 17512 | D:10     | Killed an unseen horror
 17512 | D:10     | Reached skill level 5 in Charms
 17533 | D:10     | Noticed an unseen horror
 17536 | D:10     | Killed an unseen horror
 17536 | D:10     | Reached skill level 11 in Stealth
 17678 | D:10     | Reached **** piety under Dithmenos
 17811 | D:10     | Reached skill level 10 in Dodging
 18059 | D:10     | Noticed a cyan ugly thing
 18218 | D:10     | Killed a cyan ugly thing
 18218 | D:10     | Reached skill level 10 in Hexes
 18218 | D:10     | Reached XP level 11. HP: 47/47 MP: 21/24
 18612 | Lair:1   | Entered Level 1 of the Lair of Beasts
 18826 | Lair:1   | Reached skill level 1 in Fighting
 18874 | Lair:1   | Noticed an eight-headed hydra
 18883 | Lair:1   | Killed an eight-headed hydra
 18883 | Lair:1   | Reached skill level 12 in Stealth
 19023 | Lair:1   | Noticed a four-headed hydra
 19073 | Lair:1   | Killed a four-headed hydra
 20092 | Lair:2   | Noticed a death yak
 20100 | Lair:2   | Noticed a death yak
 20343 | Lair:2   | Noticed an eight-headed hydra
 20375 | Lair:2   | Killed an eight-headed hydra
 20398 | Lair:2   | Noticed a catoblepas
 20574 | Lair:2   | Found a staircase to the Snake Pit.
 20584 | Lair:2   | Noticed a death yak
 20586 | Lair:2   | Noticed a death yak
 20777 | Lair:2   | Reached XP level 12. HP: 58/58 MP: 12/25
 20828 | Lair:2   | Noticed a death yak
 21113 | Lair:2   | Noticed a death yak
 22104 | Lair:2   | Found a staircase to the Snake Pit.
 22989 | Lair:2   | Killed a death yak
 22989 | Lair:2   | Reached skill level 13 in Stealth
 23735 | Lair:2   | Killed a catoblepas
 23735 | Lair:2   | Reached skill level 1 in Crossbows
 24012 | Lair:2   | Killed a death yak
 24578 | Lair:2   | Killed a death yak
 24578 | Lair:2   | Reached skill level 5 in Fighting
 24942 | Lair:2   | Killed a death yak
 25112 | Lair:2   | Killed a death yak
 25862 | Lair:2   | Killed a death yak
 26376 | Lair:3   | Reached ***** piety under Dithmenos
 27453 | Lair:3   | Reached skill level 14 in Stealth
 28275 | Lair:4   | You fall into a shaft and drop 2 floors!
 28275 | Lair:6   | Entered Level 6 of the Lair of Beasts
 28284 | Lair:6   | Reached XP level 13. HP: 66/66 MP: 21/26
 28791 | Lair:4   | Found a staircase to the Shoals.
 29004 | Lair:4   | Learned a level 1 spell: Apportation
 29007 | Lair:4   | Learned a level 2 spell: Shroud of Golubria
 29011 | Lair:4   | Learned a level 3 spell: Regeneration
 29330 | Lair:4   | Learned a level 5 spell: Summon Mana Viper
 29376 | Lair:4   | Reached skill level 1 in Translocations
 29840 | Lair:5   | Reached skill level 1 in Shields
 30231 | Lair:5   | Reached skill level 5 in Crossbows
 30251 | Lair:5   | Reached skill level 10 in Short Blades
 30255 | Lair:5   | Reached skill level 1 in Summonings
 30872 | Lair:6   | Found a staircase to the Slime Pits.
 30873 | Lair:6   | Found a viscous altar of Jiyva.
 30947 | Lair:6   | Noticed Urug
 30950 | Lair:6   | Killed Urug
 32009 | Lair:6   | Reached skill level 15 in Stealth
 32540 | Lair:6   | Found a large runed translucent door.
 32554 | Lair:6   | Found a large runed translucent door.
 32620 | Lair:6   | Noticed a fire dragon
 33945 | D:11     | Reached XP level 14. HP: 72/72 MP: 19/27
 34146 | D:11     | Reached skill level 1 in Invocations
 34698 | D:12     | Found Wuhoq's Jewellery Shop.
 34703 | D:12     | Bought a +5 amulet of reflection for 576 gold pieces
 34815 | D:12     | Noticed Jorgrun
 35158 | D:12     | Noticed Psyche
 35161 | D:12     | Killed Psyche
 35203 | D:12     | Mangled by Jorgrun

Levels and vault maps discovered:
D:1:      psy_arrival_whirlpool, layout_basic
D:2:      layout_basic
D:3:      layout_basic, nicolae_overflow_crystal_walls, lemuel_crystal_altar,
          grunt_temple_overflow_open, uniq_terence, uniq_jessica
D:4:      kennysheep_goblin_castle, layout_basic,
          minmay_temple_entry_antechambers, first_ration, abandoned_shop
D:5:      layout_layer_cave, minivault_5, hangedman_abyss_or_decor_passed,
          nrook_loot_triangle, grunt_qazlal_clouds
D:6:      minmay_razor_zed, layout_loops_ring, marbit_many_paths, serial_shops,
          shop_fountains
D:7:      layout_basic, gammafunk_temple_overflow_elements, the_bakery,
          uniq_menkaure
D:8:      layout_gridville, led_sif_book, kennysheep_generic_room_10,
          uniq_maurice
D:9:      lemuel_ogre_cave, layout_basic, dpeg_lair_monsters, minivault_5
D:10:     layout_roguey, billiards_dpeg
D:11:     layout_irregular_city
D:12:     layout_irregular_city, hiddenorc1_lemuel,
          chequers_hall_statues_wall_a, minmay_shop_enchanted_jewellery,
          uniq_psyche, uniq_jorgrun
Temple:   minmay_temple_bridge_abc
Lair:1:   layout_hall_layers, st_stairs_6, beast_lair_carwin_8,
          grunt_megastairs_3, lemuel_fruit_tree
Lair:2:   layout_regular_city, guppyfry_snake_entry_garden, fungi_pond_lemuel
Lair:3:   regret_index_wax_grids, layout_chaotic_city
Lair:4:   layout_regular_city, shoals_dummy_entry
Lair:5:   layout_long_grid
Lair:6:   cheibrodos_lair_end_hotspot, layout_regular_city, slime_altar_1,
          uniq_urug

Skill      XL: |  1  2  3  4  5  6  7  8  9 10 11 12 13 14 |
---------------+-------------------------------------------+-----
Hexes          | 4 5 6 7 8 10 11 12 | 12.1
Spellcasting   | 3 4 5 6 7 8 |  8.0
Ice Magic      | 1 2 3 |  3.0
Short Blades   | 2 3 5 6 7 9 10 | 10.0
Stealth        | 5 6 8 9 11 12 14 15 | 15.0
Dodging        | 4 5 7 8 10 11 12 14 | 14.1
Evocations     | 2 4 5 |  5.0
Charms         | 2 5 |  5.0
Fighting       | 4 6 7 |  7.0
Crossbows      | 4 6 |  6.2
Translocations | 4 |  4.0
Shields        | 3 4 |  4.2
Summonings     | 2 3 |  3.0
Invocations    | 1 |  1.4

Action                   |  1- 3 |  4- 6 |  7- 9 | 10-12 | 13-15 || total
-------------------------+-------+-------+-------+-------+-------++-------
Melee: Dagger            |    68 |   107 |   196 |   245 |   182 ||   798
       Staff             |       |       |     6 |       |       ||     6
 Fire: Arbalest          |       |       |     1 |   201 |       ||   202
       Hand crossbow     |       |       |       |       |     3 ||     3
Throw: Stone             |       |     4 |       |       |       ||     4
       Dart              |       |       |    20 |    39 |     6 ||    65
 Cast: Corona            |    11 |       |       |       |       ||    11
       Ensorcelled Hiber |    30 |    81 |   164 |   225 |   173 ||   673
       Confuse           |       |     8 |    19 |    19 |    19 ||    65
       Spectral Weapon   |       |       |     1 |     4 |     3 ||     8
       Tukima's Dance    |       |       |       |     1 |       ||     1
       Shroud of Golubri |       |       |       |       |     7 ||     7
       Summon Mana Viper |       |       |       |       |     2 ||     2
Invok: Shadow Step       |       |       |       |     3 |     5 ||     8
Evoke: Wand              |       |       |     2 |    52 |       ||    54
  Use: Scroll            |     1 |       |    15 |    10 |     6 ||    32
       Potion            |       |       |     1 |       |     1 ||     2
 Stab: Sleeping          |    20 |    62 |    99 |   147 |   128 ||   456
       Confused          |       |     6 |    16 |    15 |    12 ||    49
       Distracted        |       |       |     4 |       |     1 ||     5
       Invisible         |       |       |     3 |       |       ||     3
       Paralysed         |       |       |     1 |       |       ||     1
  Eat: Ration            |       |     3 |     5 |     5 |     3 ||    16
Armor: Robe              |    10 |     9 |     8 |     9 |     4 ||    40
Dodge: Dodged            |    51 |    76 |   188 |   164 |   218 ||   697
Block: Buckler           |       |       |       |       |    35 ||    35
       Reflection        |       |       |       |       |     5 ||     5

Table legend:
 A = Non-vault XP
 B = Vault XP
 C = Vault XP percentage of total XP
 D = Non-vault monster count
 E = Vault monster count
 F = Vault count percentage of total count
                 A         B        C        D         E       F
            +---------+---------+-------+---------+---------+-------
      Total |   51056 |   17410 |  25.4 |     400 |     130 |  24.5
            +---------+---------+-------+---------+---------+-------
        D:1 |      23 |       0 |   0.0 |      13 |       0 |   0.0
        D:2 |     153 |       0 |   0.0 |      34 |       0 |   0.0
        D:3 |     424 |      77 |  15.4 |      32 |       4 |  11.1
        D:4 |     584 |      51 |   8.0 |      29 |      19 |  39.6
        D:5 |      31 |       0 |   0.0 |       4 |       0 |   0.0
        D:6 |     759 |     333 |  30.5 |      19 |       8 |  29.6
        D:7 |     322 |       0 |   0.0 |      16 |       0 |   0.0
        D:8 |     389 |     521 |  57.3 |      11 |       2 |  15.4
        D:9 |    3164 |    1166 |  26.9 |      41 |      14 |  25.5
       D:10 |    3895 |       0 |   0.0 |      24 |       0 |   0.0
       D:11 |    4428 |       0 |   0.0 |      35 |       0 |   0.0
       D:12 |    1956 |     434 |  18.2 |      18 |       1 |   5.3
     Lair:1 |    4856 |    2062 |  29.8 |      20 |      11 |  35.5
     Lair:2 |    9786 |     486 |   4.7 |      24 |       3 |  11.1
     Lair:3 |    2227 |    5878 |  72.5 |      12 |      44 |  78.6
     Lair:4 |    4611 |       0 |   0.0 |      19 |       0 |   0.0
     Lair:5 |    6372 |       0 |   0.0 |      19 |       0 |   0.0
     Lair:6 |    7076 |    6402 |  47.5 |      30 |      24 |  44.4
            +---------+---------+-------+---------+---------+-------
